 Dungeon Crawl Stone Soup version 0.31-a0-986-g5e6e4ef867 (webtiles) character file.

Game seed: 16982604869586540569

31 Frost42 the Trooper (level 3, -1/33 HPs)
             Began as a Draconian Fighter on Nov 7, 2023.
             Frozen to death by an endoplasm (3 damage)
             ... on level 1 of the Dungeon.
             The game lasted 00:06:51 (845 turns).

Frost42 the Trooper (Draconian Fighter)              Turns: 845, Time: 00:06:52

Health: -1/33      AC:  5    Str: 17 (20) XL:     3   Next: 7%
Magic:  3/3        EV: 12    Int:  7 (8)  God:
Gold:   30         SH:  4    Dex:  9 (10) Spells: 1/2 levels left

rFire   . . .        a - +0 flail
rCold   . . .        b - +0 buckler
rNeg    . . .        (body armour unavailable)
rPois   .            (helmet restricted)
rElec   .            (no cloak)
rCorr   .            (no gloves)
SInv    .            (no boots)
Will    .....        (no amulet)
Stlth   +            (no ring)
HPRegen 0.25/turn    (no ring)
MPRegen 0.08/turn

%: no passive effects
@: attractive, slowed, invisible, very slow
A: AC +5, unfitting armour, cold-blooded
a: no special abilities


You were on level 1 of the Dungeon.
You visited 1 branch of the dungeon, and saw 2 of its levels.

You collected 30 gold pieces.

Inventory:

Hand Weapons
 a - a +0 flail (weapon)
Missiles
 i - 5 stones
Armour
 b - a +0 buckler (worn)
Jewellery
 k - an amulet of faith
Scrolls
 e - a scroll of teleportation
 f - a scroll of identify
Potions
 c - 2 potions of might
 d - a potion of degeneration
 h - 2 potions of attraction
 l - a potion of brilliance {unknown}


   Skills:
 + Level 3.6 Fighting
 + Level 2.5 Maces & Flails
 + Level 3.0 Dodging
 + Level 3.3 Shields


You had one spell level left.
You knew the following spells:

 Your Spells              Type           Power      Damage    Failure   Level
a - Necrotise             Necr           0%         1d4       52%         1

Your spell library contained the following spells:

 Spells                   Type           Power      Damage    Failure   Level
 Static Discharge         Conj/Air       0%         3-3/arc   65%         2
 Vampiric Draining        Necr           0%         2d6       87%         3
 Airstrike                Air            0%         2d(0-16)  99%         4
 Summon Lightning Spire   Summ/Air       0%         N/A       99%         4
 Agony                    Necr           0%         N/A       100%        5


Dungeon Overview and Level Annotations

Branches:
Dungeon (2/15)

Altars:


Innate Abilities, Weirdness & Mutations

Your plain brown scales are hard. (AC +5)
You cannot fit into any form of body armour.
You are cold-blooded and may be slowed by cold attacks.


Message History

The kobold completely misses you. The endoplasm freezes you.
You are frozen.
* * * LOW HITPOINT WARNING * * *
You feel yourself slow down. The endoplasm closely misses you.
You climb upwards.
There is a stone staircase leading down here.
There are monsters nearby!
It was a potion of attraction.
You feel attractive to monsters. The kobold closely misses you.
The endoplasm barely misses you. x2
The kobold hits you with a +0 club.
* * * LOW HITPOINT WARNING * * *
You block the endoplasm's attack. x2
It was a potion of degeneration.
There was something very wrong with that liquid.
You feel weakened.
You feel dopey.
You feel clumsy.
You feel yourself speed up. The kobold hits you but does no damage.
The endoplasm hits you but does no damage.
The endoplasm misses you.
It was a potion of curing.
You feel better. You block the kobold's attack. The endoplasm hits you.
The endoplasm freezes you.
You are frozen.
* * * LOW HITPOINT WARNING * * *
You feel yourself slow down.
Unknown command.
It was a potion of invisibility.
You fade into invisibility!
You block the kobold's attack.
The endoplasm hits you but does no damage.
The endoplasm freezes you.
* * * LOW HITPOINT WARNING * * *
The kobold barely misses you. The endoplasm freezes you.
* * * LOW HITPOINT WARNING * * *
You feel as though you will be slow longer.
The endoplasm freezes you.
You die...

##.#.# #.# #.# #.# #.#
#.#.# #.# #.#####.####.#
####.#.##
#.###............#
.....#..#
#.##>.#####.######
####.##.# #.##..# #.#
#.##.# #.....# #.# #..#.#
####..# #.# ##.#.#
#J.#####.# #.#.#
#@J......# ## #.#.#
#K######.# .# #.#.# #.#
#.# .## #.#.#### #.# #.#
..# #......# #.# #.#
..#####.##.# #.# #†#
...####.##.#####.######.#
.8......##..............#
.....###.........######.#


You could see 2 endoplasms and a kobold (unable to see you).

Vanquished Creatures
  4 ball pythons (D:1)
  5 endoplasms (D:1)
  4 goblins (D:1)
  4 hobgoblins (D:1)
  A kobold (D:2)
  4 bats
  2 frilled lizards (D:1)
  4 rats (D:1)
28 creatures vanquished.

Notes
Turn   | Place    | Note
-------+----------+-------------------------------------------
     0 | D:1      | Frost42 the Draconian Fighter began the quest for the Orb.
     0 | D:1      | Reached XP level 1. HP: 19/19 MP: 1/1
   135 | D:1      | Reached XP level 2. HP: 24/26 MP: 2/2
   383 | D:1      | Learned a level 1 spell: Necrotise
   630 | D:1      | Reached XP level 3. HP: 29/33 MP: 3/3
   845 | D:1      | Frozen to death by an endoplasm

Illustrated notes

Levels and vault maps discovered:
D:1:      grunt_arrival_lava_bath, layout_loops_ring,
          dreamdust_mushroom_princess, st_stairs_11,
          minmay_misc_feat_more_columns, minivault_27
D:2:      layout_rooms, basic_ecumenical_altar, serial_curves, eino_curves_04,
          eino_curves_04, basic_altar

Skill      XL: |  1  2 |
---------------+-------+-----
Dodging        | 3 |  3.0
Fighting       | |  3.6
Maces & Flails | |  2.5
Shields        | |  3.3

Action                     || total
---------------------------++-------
  Melee: Flail             ||    72
         Tailslap          ||     4
   Cast: Necrotise         ||     1
    Use: Scroll            ||     1
         Potion            ||     4
 Armour: Skin              ||    87
  Dodge: Dodged            ||    94
  Block: Buckler           ||    37

Table legend: (Time is in decaauts)
 A = Elapsed time spent in this place.
 B = Non-inter-level travel time spent in this place.
 C = Inter-level travel time spent in this place.
 D = Time resting spent in this place.
 E = Time spent auto-exploring this place.
 F = Levels seen in this place.
 G = Mean time per level.
                   A        B        C        D        E       F      G
               +--------+--------+--------+--------+--------+-----+--------+
         Total |    876 |    810 |     66 |      0 |    132 |   2 |  438.0 |
       Dungeon |    876 |    810 |     66 |      0 |    132 |   2 |  438.0 |
               +--------+--------+--------+--------+--------+-----+--------+

Top non-repeatable levels by time:
     D:1: 857 daAuts
     D:2: 18 daAuts
